 Dungeon Crawl Stone Soup version 0.28.0-47-ge53b351184 (webtiles) character file.

Game seed: 6868083759836747648

1271 Dillybarz the Skirmisher (level 8, -1/73 HPs)
             Began as a Minotaur Berserker on May 3, 2022.
             Was an Elder of Trog.
             Slain by a killer bee (4 damage)
             ... on level 8 of the Dungeon on May 4, 2022.
             The game lasted 00:15:18 (5230 turns).

Dillybarz the Skirmisher (Minotaur Berserker)       Turns: 5230, Time: 00:15:18

Health: -1/73      AC: 21    Str: 25    XL:     8   Next: 28%
Magic:  7/7        EV:  8    Int:  4    God:    Trog [****..]
Gold:   287        SH:  0    Dex: 13    Spells: 7/7 levels left

rFire   . . .      SeeInvis .   d - +7 whip of Tirillei {protect, *Slow +Blink rElec Dex+4}
rCold   . . .      Faith    .   (no shield)
rNeg    . . .      Spirit   .   c - +0 plate armour
rPois   .          Reflect  .   (helmet restricted)
rElec   +          Harm     .   (no cloak)
rCorr   .          Rampage  .   h - +0 pair of gloves
Will    +....                   (no boots)
Stlth   ..........              (no amulet)
HPRegen 0.22/turn               l - ring of willpower
MPRegen 0.10/turn               (no ring)

@: lethally poisoned (-1 -> -4), under a protective aura, on berserk cooldown
A: horns 2, retaliatory headbutt
a: Renounce Religion, Evoke Blink, Berserk, Trog's Hand, Brothers in Arms


You were on level 8 of the Dungeon.
You worshipped Trog.
Trog was greatly pleased with you.
You visited 1 branch of the dungeon, and saw 6 of its levels.

You collected 287 gold pieces.

Inventory:

Hand Weapons
 a - a +0 mace
 d - the +7 whip of Tirillei (weapon) {protect, *Slow +Blink rElec Dex+4}
   (You found it on level 2 of the Dungeon)

   It grants its wielder temporary protection when it strikes (+7 to AC).
   Dex:       It affects your dexterity (+4).
   rElec:     It insulates you from electricity.
   +Blink:    It lets you blink.
   *Slow:     It may slow you when you take damage.
 n - a +0 morningstar
Missiles
 g - 2 curare-tipped darts
 o - a throwing net (quivered)
Armour
 c - a +0 plate armour (worn)
 h - a +0 pair of gloves (worn)
Jewellery
 l - a ring of willpower (left hand)
Scrolls
 q - 2 scrolls of teleportation
 r - a scroll of fog
Potions
 b - 3 potions of might
 e - 2 potions of flight
 f - a potion of lignification {unknown}
 i - 2 potions of berserk rage {unknown}
 j - 2 potions of mutation {unknown}
 k - a potion of invisibility {unknown}
 m - a potion of cancellation {unknown}
 p - a potion of attraction {unknown}


   Skills:
 + Level 7.0 Fighting
 + Level 7.0 Maces & Flails
 + Level 6.4 Armour
 - Level 2.4 Dodging
 + Level 4.2 Evocations


You had 7 spell levels left.
You didn't know any spells.
Your spell library was empty.

Dungeon Overview and Level Annotations

Branches:
Dungeon (5/15)
 Temple: D:4-7

Altars:
Dithmenos
Elyvilon
Kikubaaqudgha
Makhleb
Okawaru
Sif Muna
Wu Jian
Zin


Innate Abilities, Weirdness & Mutations

You have a pair of horns on your head.
You reflexively headbutt those who attack you in melee.


Message History

You feel very sick.
The white imp shouts, "Slither away, thou tottering moon-mazed meatloaf!"
The ufetubus shouts!
The killer bee barely misses you.
* * * LOW HITPOINT WARNING * * *
You feel very sick.
* * * LOW HITPOINT WARNING * * *
You feel very sick.
An ice beast comes into view.
The killer bee stings you but does no damage.
The ufetubus hits you but does no damage. x2
* * * LOW HITPOINT WARNING * * *
You feel sick.
The ufetubus hits you but does no damage. x2
The ice beast hits you but does no damage.
* * * LOW HITPOINT WARNING * * *
You feel sick. The killer bee barely misses you.
The ice beast hits you but does no damage.
The killer bee stings you.
* * * LOW HITPOINT WARNING * * *
The killer bee barely misses you.
* * * LOW HITPOINT WARNING * * *
You feel sick.
The killer bee stings you but does no damage.
The killer bee barely misses you.
You hit the killer bee.
Your weapon exudes an aura of protection.
Your headbutt misses the killer bee.
The killer bee is severely wounded.
* * * LOW HITPOINT WARNING * * *
You feel sick.
The killer bee stings you but does no damage.
The killer bee barely misses you.
The white imp hits you but does no damage.
You hit the killer bee.
You kill the killer bee!
Trog accepts your kill.
* * * LOW HITPOINT WARNING * * *
You feel sick. The killer bee stings you.
You die...

.. .< ..##......#
.###......#......## ....
.............
...####.####....#
.#.##.....##..>.##
.#.#.......#.....#
...#.......#.Z.yy#
......._.....5y.@#
...#.......#...#5Y......
...#.......#...Y........
...##....?##......#.#...
#..####.####.#..........
##........ .......#.#..
#######..######.........
#### ##........


You could see 2 ice beasts, 3 killer bees, a white imp, a centaur simulacrum and
an ufetubus.

Vanquished Creatures
  Prince Ribbit (D:8)
  Sigmund (D:2)
  An orc warrior (D:5)
  An ogre (D:5)
  A wyvern zombie (D:5)
  A scorpion (D:5)
  A water moccasin zombie (D:5)
  A killer bee (D:8)
  A howler monkey (D:4)
  2 bullfrog zombies (D:5)
  2 orc priests (D:5)
  A bullfrog skeleton (D:5)
  A centaur skeleton (D:5)
  2 iguanas
  An orc wizard (D:5)
  A scorpion zombie (D:5)
  Robin (D:2)
  A howler monkey zombie (D:5)
  7 gnolls
  A howler monkey skeleton (D:5)
  An adder (D:3)
  An ufetubus (D:5)
  2 adder skeletons (D:4)
  3 worms
  2 dart slugs
  The ghost of GamerJuice the Conjurer, a weakling SpCj (D:3)
  13 orcs
  5 bats
  8 endoplasms
  5 giant cockroaches
  17 goblins
  6 hobgoblins
  A jackal (D:3)
  5 quokkas
  4 ball pythons
  8 frilled lizards
  10 kobolds
  5 rats
126 creatures vanquished.

Vanquished Creatures (others)
  3 plants (D:2)
3 creatures vanquished.

Grand Total: 129 creatures vanquished

Notes
Turn   | Place    | Note
-------+----------+-------------------------------------------
     0 | D:1      | Dillybarz the Minotaur Berserker began the quest for the
                  | Orb.
     0 | D:1      | Reached XP level 1. HP: 19/19 MP: 0/0
   487 | D:1      | Reached XP level 2. HP: 27/27 MP: 1/1
  1010 | D:2      | Identified the +7 whip of Tirillei {protect, *Slow +Blink
                  | rElec Dex+4}
  1073 | D:2      | Identified the +1 leather armour of the Lily {+Inv rPois}
  1108 | D:2      | Noticed Robin
  1116 | D:2      | Reached ** piety under Trog
  1121 | D:2      | Killed Robin
  1122 | D:2      | Reached XP level 3. HP: 33/33 MP: 2/2
  1299 | D:2      | Noticed Sigmund
  1307 | D:2      | Killed Sigmund
  1308 | D:2      | Reached skill level 1 in Evocations
  1308 | D:2      | Reached XP level 4. HP: 41/41 MP: 3/3
  1308 | D:2      | Reached XP level 5. HP: 47/47 MP: 4/4
  1567 | D:2      | Found a faded altar of an unknown god.
  1776 | D:3      | Found a white marble altar of Elyvilon.
  1777 | D:3      | Found an ornate altar of the Wu Jian Council.
  1777 | D:3      | Found a shadowy altar of Dithmenos.
  1834 | D:3      | Reached skill level 5 in Fighting
  1882 | D:3      | Reached skill level 5 in Maces & Flails
  1959 | D:3      | Reached *** piety under Trog
  2149 | D:3      | Found a runed translucent door.
  2154 | D:3      | Noticed GamerJuice's ghost (weakling SpCj)
  2162 | D:3      | Killed GamerJuice's ghost
  2211 | D:3      | Found a faded altar of an unknown god.
  2920 | D:3      | Found an ancient bone altar of Kikubaaqudgha.
  2971 | D:4      | Reached XP level 6. HP: 56/56 MP: 5/5
  3244 | D:4      | Found a burning altar of Makhleb.
  3633 | D:5      | Entered Level 5 of the Dungeon
  3665 | D:5      | Noticed an orc warrior
  3665 | D:5      | Found a shimmering blue altar of Sif Muna.
  3686 | D:5      | Killed an orc warrior
  3687 | D:5      | Reached skill level 5 in Armour
  3687 | D:5      | Reached XP level 7. HP: 61/62 MP: 6/6
  3952 | D:5      | Found a glowing silver altar of Zin.
  4674 | D:5      | Reached XP level 8. HP: 71/71 MP: 7/7
  4910 | D:5      | Reached **** piety under Trog
  5186 | D:5      | You fall into a shaft and drop 3 floors!
  5190 | D:8      | Noticed Prince Ribbit
  5198 | D:8      | Killed Prince Ribbit
  5201 | D:8      | Found an iron altar of Okawaru.
  5230 | D:8      | HP: 3/73 [poisoned by a killer bee]
  5230 | D:8      | Slain by a killer bee

Illustrated notes

Levels and vault maps discovered:
D:1:      dpeg_arrival_castle, layout_basic
D:2:      layout_rooms, shapermc_ecumenical_altar_mp_ritualfount, uniq_sigmund,
          uniq_robin
D:3:      minmay_thinvault, layout_basic, grunt_temple_overflow_open,
          nicolae_overflow_ecumenical_swirl, ebering_ghost_reflecting_pool
D:4:      layout_basic, kennysheep_mini
D:5:      layout_loops_corners, old_standard_altar,
          mainiacjoe_overflow_alcove_2, minmay_puff
D:8:      layout_cave_pools, nicolae_overflow_crystal_walls, old_standard_altar,
          mainiacjoe_overflow_six_doors_small, erik_lair_dragon, serial_ice,
          serial_ice_l, serial_ice_m, serial_ice_d, serial_ice_n, serial_ice_o,
          serial_ice_f, serial_ice_c, serial_ice_b, enter_bailey_2,
          minmay_mini_ossuary, uniq_psyche, uniq_prince_ribbit1

Skill      XL: |  1  2  3  4  5  6  7  8 |
---------------+-------------------------+-----
Fighting       | 4 5 6 7 |  7.0
Maces & Flails | 4 5 6 7 |  7.0
Armour         | 3 4 5 6 |  6.4
Evocations     | 1 2 3 4 |  4.2
Dodging        | |  2.4

Action                   |  1- 3 |  4- 6 |  7- 9 || total
-------------------------+-------+-------+-------++-------
Melee: Mace              |    24 |       |       ||    24
       Headbutt          |     5 |    24 |    19 ||    48
       Whip              |    33 |   137 |   107 ||   277
       Punch             |     1 |     1 |       ||     2
Invok: Berserk           |     1 |     1 |     1 ||     3
  Use: Scroll            |     2 |     6 |       ||     8
Armor: Animal skin       |     2 |       |       ||     2
       Plate armour      |    13 |    86 |    79 ||   178
       Leather armour    |     1 |       |       ||     1
Dodge: Dodged            |    28 |    46 |    41 ||   115
